 Dungeon Sprint DCSS version 0.28.0-53-g5a82cb258f (webtiles) character file.

Game seed: 16160283607233350376

5070 Zeld the Warrior (level 10, -3/166 HPs)
             Began as a Minotaur Berserker on May 31, 2022.
             Was a High Priest of Trog.
             Slain by a spriggan rider
             ... wielding a +0 spear
              (12 damage)
             ... in the Dungeon (Sprint IV: "Fedhas' Mad Dash").
             The game lasted 00:03:36 (4750 turns).

Zeld the Warrior (Minotaur Berserker)               Turns: 4750, Time: 00:03:37

Health: -3/166     AC:  3    Str: 27    XL:     10   Next: 31%
Magic:  9/9        EV: 15    Int:  4    God:    Trog [*****.]
Gold:   253        SH:  0    Dex:  9    Spells: 9/9 levels left

rFire   . . .      SeeInvis .   a - +6 broad axe (vorpal)
rCold   . . .      Faith    .   (no shield)
rNeg    . . .      Spirit   .   b - +0 animal skin
rPois   .          Reflect  .   (helmet restricted)
rElec   .          Harm     .   (no cloak)
rCorr   .          Rampage  .   (no gloves)
Will    .....      NoTele   +   (no boots)
Stlth   ..........              l - amulet of invisibility {+Inv}
HPRegen 0.37/turn               (no ring)
MPRegen 0.11/turn               (no ring)

@: berserking, very quick
A: horns 2, retaliatory headbutt
a: Renounce Religion, Evoke Invisibility, Berserk, Trog's Hand, Brothers in Arms


You were in the Dungeon.
You worshipped Trog.
Trog was extremely pleased with you.
You visited 1 branch You collected 253 gold pieces.

Inventory:

Hand Weapons
 a - a +6 vorpal broad axe (weapon)
 m - the +5 spear of Jieghyn {speed, Will+++ Int+2 SInv Stlth-}
   (You found it in the Dungeon)

   Attacks with this weapon are significantly faster.
   Int:       It affects your intelligence (+2).
   SInv:      It lets you see invisible.
   Will:      It greatly increases your willpower.
   Stlth:     It makes you less stealthy.
Armour
 b - a +0 animal skin (worn)
Jewellery
 l - the amulet of invisibility (around neck) {+Inv}
   (You found it in the Dungeon)

   [amulet of nothing]

   +Inv:      It lets you turn invisible.
Scrolls
 c - a scroll of brand weapon {unknown}
 h - a scroll of blinking
 i - a scroll of enchant weapon {unknown}
 n - 3 scrolls of identify {unknown}
 o - a scroll of silence {unknown}
Potions
 d - a potion of heal wounds
 e - a potion of haste
 f - 2 potions of magic
 g - a potion of berserk rage
 j - a potion of degeneration {unknown}
 k - a potion of might {unknown}


   Skills:
 * Level 17.2 Fighting
 * Level 17.1 Axes
 + Level 12.4 Armour
 + Level 11.3 Dodging


You had 9 spell levels left.
You didn't know any spells.
Your spell library was empty.

Dungeon Overview and Level Annotations

Branches:
Dungeon (1/1)

Altars:
Cheibriados
Dithmenos
Elyvilon
Gozag
Hepliaklqana
Kikubaaqudgha
Makhleb
Nemelex Xobeh
Okawaru
Qazlal
Ru
Sif Muna
Trog
Uskayaw
Vehumet
Wu Jian
Xom
Yredelemnul
Zin
The Shining One
Beogh
Jiyva
Lugonu

Shops:
D [*=:


Innate Abilities, Weirdness & Mutations

You have a pair of horns on your head.
You reflexively headbutt those who attack you in melee.


Message History

You slice the demonic crawler!!
You kill the demonic crawler!
Trog accepts your kill.
Your Fighting skill increases to level 17!
Your Axes skill increases to level 17!
The spriggan closely misses you.
There is an open door here.
You see here a demonic crawler corpse.
Unknown command.
A red film seems to cover your vision as you go berserk!
You feel yourself moving faster!
You feel mighty! The spriggan hits you with a +0 dagger.
The spriggan blocks your attack.
Your headbutt misses the spriggan. The spriggan blocks your attack.
The spriggan rider hits you from afar with a +0 spear!
Unknown command.
You slash the spriggan!
The spriggan is severely wounded.
The spriggan hits you with a +0 dagger! The spriggan blocks your attack.
The spriggan is severely wounded.
The spriggan rider closely misses you. The spriggan misses you.
You slice the spriggan!!
You kill the spriggan!
Trog accepts your kill.
The spriggan rider hits you from afar with a +0 spear!!
* * * LOW HITPOINT WARNING * * *
Things that are here:
a +0 dagger; a +0 robe; a +2 buckler You slash the spriggan rider!
The spriggan rider is moderately wounded.
The spriggan rider hits you with a +0 spear!!
* * * LOW HITPOINT WARNING * * *
You closely miss the spriggan rider.
Your headbutt misses the spriggan rider.
The spriggan rider is moderately wounded.
You miss the spriggan rider.
The spriggan rider is moderately wounded.
The spriggan rider hits you with a +0 spear!
You die...

####################
_.⌠.#.)')..#....##∩#
._..'..#)..#....'.)#
_...#..###'##.).##∩#
._..#..##∩∩.'...#### .
_.⌠.############# ##...
#########......###.....♣
###.'..'...)...†@ii..♣
##:.#..#.P.....#######
###.##+##.P..).# '...#
######## #####


You could see a spriggan rider and a spriggan.

Vanquished Creatures
  A spriggan druid (D)
  6 oklob plants (D)
  A demonic crawler (D)
  3 burning bushes (D)
  A queen bee (D)
  3 wandering mushrooms (D)
  3 scorpions (D)
  4 killer bees (D)
  5 oklob saplings (D)
  4 spriggans (D)
  A river rat (D)
  A rat (D)
  A ballistomycete spore (D)
34 creatures vanquished.

Vanquished Creatures (others)
  A ballistomycete spore (D)
  2 fungi (D)
3 creatures vanquished.

Grand Total: 37 creatures vanquished

Notes
Turn   | Place    | Note
-------+----------+-------------------------------------------
     0 | D        | Zeld the Minotaur Berserker began the quest for the Orb.
     0 | D        | Reached XP level 1. HP: 19/19 MP: 0/0
    10 | D        | Reached XP level 2. HP: 11/28 MP: 1/1
   300 | D        | Noticed an oklob sapling
   303 | D        | Killed an oklob sapling
   303 | D        | Reached ** piety under Trog
   304 | D        | Reached skill level 5 in Fighting
   304 | D        | Reached skill level 5 in Axes
   304 | D        | Reached XP level 3. HP: 37/37 MP: 2/2
   305 | D        | Noticed a scorpion
   305 | D        | Found the amulet of invisibility {+Inv}
   307 | D        | Killed a scorpion
   308 | D        | Reached XP level 4. HP: 47/47 MP: 3/3
   566 | D        | Reached skill level 5 in Armour
   598 | D        | Found an opulent altar of Gozag.
   598 | D        | Found a hazy altar of Hepliaklqana.
   598 | D        | Found a burning altar of Makhleb.
   598 | D        | Found a sparkling altar of Nemelex Xobeh.
   598 | D        | Found a snail-covered altar of Cheibriados.
   598 | D        | Found a sacrificial altar of Ru.
   598 | D        | Found a shimmering blue altar of Sif Muna.
   598 | D        | Found a shimmering altar of Xom.
   598 | D        | Found a basalt altar of Yredelemnul.
   599 | D        | Found a viscous altar of Jiyva.
   599 | D        | Found a bloodstained altar of Trog.
   599 | D        | Found an ornate altar of the Wu Jian Council.
   600 | D        | Found an iron altar of Okawaru.
   600 | D        | Found a shadowy altar of Dithmenos.
   600 | D        | Found a glowing silver altar of Zin.
   601 | D        | Found an ancient bone altar of Kikubaaqudgha.
   601 | D        | Found a hide-covered altar of Uskayaw.
   602 | D        | Found a stormy altar of Qazlal.
   602 | D        | Found a white marble altar of Elyvilon.
   602 | D        | Found a glowing golden altar of the Shining One.
   603 | D        | Found a corrupted altar of Lugonu.
   603 | D        | Found a radiant altar of Vehumet.
   610 | D        | Reached skill level 5 in Dodging
   610 | D        | Reached XP level 5. HP: 35/56 MP: 2/4
   832 | D        | Reached *** piety under Trog
   899 | D        | Reached **** piety under Trog
   900 | D        | Reached XP level 6. HP: 20/66 MP: 2/5
  1145 | D        | Found Vaprilly's General Store.
  1145 | D        | Found Hydusoq's Antique Armour Emporium.
  1175 | D        | Noticed a burning bush
  1175 | D        | Noticed a wandering mushroom
  1220 | D        | Killed a wandering mushroom
  1221 | D        | Reached skill level 10 in Fighting
  1221 | D        | Reached skill level 10 in Axes
  1469 | D        | Noticed a wandering mushroom
  1477 | D        | Killed a wandering mushroom
  1478 | D        | Reached XP level 7. HP: 15/74 MP: 3/6
  1743 | D        | Killed a burning bush
  2008 | D        | Found Seqoel's Book Emporium.
  2008 | D        | Found Imergh's Jewellery Shoppe.
  2054 | D        | Noticed a queen bee
  2061 | D        | Reached ***** piety under Trog
  2064 | D        | Reached XP level 8. HP: 85/85 MP: 7/7
  2076 | D        | Killed a queen bee
  2574 | D        | Noticed an oklob plant
  2934 | D        | Noticed a burning bush
  2942 | D        | Killed a burning bush
  2942 | D        | Received a gift from Trog
  2995 | D        | Identified the +5 spear of Jieghyn {speed, Will+++ Int+2
                  | SInv Stlth-}
  3316 | D        | Killed an oklob plant
  3317 | D        | Reached skill level 10 in Armour
  3520 | D        | Noticed a burning bush
  3520 | D        | Noticed an oklob plant
  3521 | D        | Noticed a wandering mushroom
  3523 | D        | Killed a burning bush
  3524 | D        | Reached XP level 9. HP: 91/96 MP: 5/8
  3565 | D        | Killed an oklob plant
  3566 | D        | Reached skill level 15 in Fighting
  3566 | D        | Reached skill level 15 in Axes
  3568 | D        | Killed a wandering mushroom
  3569 | D        | Reached skill level 10 in Dodging
  3708 | D        | Noticed a spriggan druid
  3714 | D        | Killed a spriggan druid
  3714 | D        | Received a gift from Trog
  3970 | D        | Noticed an oklob plant conjurer
  3976 | D        | Killed an oklob plant conjurer
  4406 | D        | Noticed an oklob plant
  4406 | D        | Noticed an oklob plant summoner
  4407 | D        | Noticed an oklob plant shifter
  4414 | D        | Killed an oklob plant
  4415 | D        | Reached XP level 10. HP: 108/108 MP: 7/9
  4418 | D        | Killed an oklob plant summoner
  4423 | D        | Killed an oklob plant shifter
  4423 | D        | Received a gift from Trog
  4739 | D        | Noticed a spriggan rider
  4750 | D        | Slain by a spriggan rider

Illustrated notes

Levels and vault maps discovered:
D:        dungeon_sprint_fedhas [sprint_temple]

Skill      XL: |  1  2  3  4  5  6  7  8  9 10 |
---------------+-------------------------------+-----
Fighting       | 4 5 7 8 9 11 12 14 16 17 | 17.2
Axes           | 4 5 7 8 9 11 12 14 16 17 | 17.1
Armour         | 3 4 5 6 8 9 10 11 12 | 12.4
Dodging        | 3 4 5 6 7 8 9 10 11 | 11.3

Action                   |  1- 3 |  4- 6 |  7- 9 | 10-12 || total
-------------------------+-------+-------+-------+-------++-------
Melee: Hand axe          |     7 |    28 |    53 |       ||    88
       Headbutt          |     1 |    14 |    29 |     5 ||    49
       Punch             |       |     1 |       |       ||     1
       Broad axe         |       |       |    24 |    28 ||    52
Invok: Berserk           |     1 |     1 |     4 |     1 ||     7
       Trog's Hand       |       |       |     1 |       ||     1
 Abil: Evoke Invisibilit |       |     9 |     5 |       ||    14
  Use: Potion            |       |       |     1 |       ||     1
 Stab: Sleeping          |       |     3 |       |       ||     3
       Invisible         |       |     4 |     5 |     1 ||    10
Armor: Animal skin       |       |       |       |     1 ||     1
Dodge: Dodged            |     2 |    15 |    26 |    17 ||    60
